 Dungeon Sprint DCSS version 0.23-a0-635-g88ca12a (webtiles) character file.

132 Lanoc the Ruffian (level 4, -2/53 HPs)
             Began as a Troll Monk on Dec 27, 2018.
             Was a Priest of Jiyva.
             Slain by a killer bee (6 damage)
             ... in the Dungeon (Sprint IV: "Fedhas' Mad Dash").
             The game lasted 00:01:53 (182 turns).

Lanoc the Ruffian (Troll Monk)                       Turns: 182, Time: 00:01:53

Health: -2/53      AC:  5    Str: 20    XL:     4   Next: 92%
Magic:  3/3        EV: 11    Int: 10    God:    Jiyva [***...]
Gold:   69         SH:  0    Dex: 12    Spells: 3/3 levels left

rFire    . . .     SeeInvis .     - Unarmed
rCold    . . .     Gourm    +   (no shield)
rNeg     . . .     Faith    .   a - +0 robe
rPois    .         Spirit   .   (helmet restricted)
rElec    .         Reflect  .   (no cloak)
rCorr    +         Harm     .   (gloves unavailable)
MR       .....     Clarity  +   (boots unavailable) Stlth ++........NoTele +
                                i - amulet of invisibility {+Inv}
HPRegen  0.57/turn              (no ring)
MPRegen  0.08/turn              (no ring)

@: no status effects
A: large, unfitting armour, claws 3, clarity, clever 2, fast metabolism 3,
gourmand, regeneration 1, robust 1, shaggy fur 1, tough skin 2
a: Request Jelly, Renounce Religion, Evoke Invisibility


You were in the Dungeon.
You worshipped Jiyva.
Jiyva was most pleased with you.
You were not hungry.

You visited 1 branch You collected 69 gold pieces.

Inventory:

Armour
 a - a +0 robe (worn)
Jewellery
 i - the amulet of invisibility (around neck) {+Inv}
   (You found it in the Dungeon)

   [amulet of nothing]

   It lets you turn invisible.
Scrolls
 h - a scroll of blinking
Potions
 c - a potion of curing
 e - a potion of haste
 f - 2 potions of magic
Comestibles
 b - 2 rations


   Skills:
 + Level 4.3 Fighting
 + Level 3.3 Armour
 + Level 4.3 Dodging
 - Level 1.0 Stealth
 * Level 6.9 Unarmed Combat


You had 3 spell levels left.
You didn't know any spells.
Your spell library was empty.

Dungeon Overview and Level Annotations

Branches:
Dungeon (1/1)

Altars:
Cheibriados
Dithmenos
Elyvilon
Gozag
Hepliaklqana
Kikubaaqudgha
Makhleb
Nemelex Xobeh
Okawaru
Qazlal
Ru
Sif Muna
Trog
Uskayaw
Vehumet
Wu Jian
Xom
Yredelemnul
Zin
The Shining One
Beogh
Jiyva
Lugonu


Innate Abilities, Weirdness & Mutations

You are too large for most types of armour.
You have claws for hands.
Your metabolism is lightning-fast.
You like to eat raw meat.
Your natural rate of healing is unusually fast.
You are covered in fur. (AC +1)
You have very tough skin. (AC +2)
You possess an exceptional clarity of mind.
Your mind is very acute. (Int +4)
You are robust. (+10% HP)


Message History

The killer bee buzzes angrily.
The killer bee barely misses you.
The queen bee calls on the killer bee to defend it!
The killer bee goes berserk!
The killer bee stings you but does no damage.
You hear an angry buzzing noise.
There is an open door here.
The killer bee rages.
The killer bee barely misses you. The killer bee stings you.
The killer bee misses you. The killer bee barely misses you.
There is an open door here.
The killer bee stings you! The killer bee stings you.
* * * LOW HITPOINT WARNING * * *
You scratch the killer bee but do no damage.
The killer bee closely misses you. The killer bee stings you!
* * * LOW HITPOINT WARNING * * *
It was a potion of mutation.
You feel extremely strange.
You feel clever. x2; You feel robust.
Your thoughts seem clearer.
The killer bee barely misses you. The killer bee stings you.
You die...

################################
#<..P#.....#.....#.⌠._._._._.⌠.#
#PP..†.....'.#...'.._._._._._..+
#PPPP#.....#.#J.@#..._._._._...#
###############y##.._._._._._..#
♣....y...y.y.#._._._._._.⌠.#
%.....♣.y...#...###############
.....♣..♣..###### #+## #+#####


You could see 3 killer bees and a neutral jelly (fellow slime).

Vanquished Creatures
  3 oklob saplings (D)
  A worker ant (D)
  A river rat (D)
  A rat (D)
6 creatures vanquished.

Notes
Turn   | Place    | Note
-------+----------+-------------------------------------------
     0 | D        | Lanoc the Troll Monk began the quest for the Orb.
     0 | D        | Reached XP level 1. HP: 22/22 MP: 0/0
    28 | D        | Reached skill level 1 in Armour
    28 | D        | Reached skill level 4 in Unarmed Combat
    28 | D        | Reached XP level 2. HP: 29/29 MP: 1/1
    36 | D        | Noticed an oklob sapling
    41 | D        | Killed an oklob sapling
    41 | D        | Reached skill level 5 in Unarmed Combat
    41 | D        | Reached XP level 3. HP: 3/37 MP: 2/2
    44 | D        | Found the amulet of invisibility {+Inv}
   108 | D        | Found an opulent altar of Gozag.
   108 | D        | Found a hazy altar of Hepliaklqana.
   108 | D        | Found a burning altar of Makhleb.
   108 | D        | Found a roughly hewn altar of Beogh.
   108 | D        | Found a sparkling altar of Nemelex Xobeh.
   108 | D        | Found a snail-covered altar of Cheibriados.
   108 | D        | Found a sacrificial altar of Ru.
   108 | D        | Found a deep blue altar of Sif Muna.
   108 | D        | Found a shimmering altar of Xom.
   108 | D        | Found a basalt altar of Yredelemnul.
   109 | D        | Found a viscous altar of Jiyva.
   109 | D        | Found a bloodstained altar of Trog.
   109 | D        | Found an ornate altar of the Wu Jian Council.
   109 | D        | Noticed an oklob sapling priest
   110 | D        | Found an iron altar of Okawaru.
   110 | D        | Found a glowing silver altar of Zin.
   110 | D        | Found a shadowy altar of Dithmenos.
   111 | D        | Found a hide-covered altar of Uskayaw.
   111 | D        | Found an ancient bone altar of Kikubaaqudgha.
   112 | D        | Found a stormy altar of Qazlal.
   112 | D        | Found a glowing golden altar of the Shining One.
   112 | D        | Found a white marble altar of Elyvilon.
   113 | D        | Found a radiant altar of Vehumet.
   113 | D        | Found a corrupted altar of Lugonu.
   121 | D        | Killed an oklob sapling priest
   121 | D        | Reached skill level 6 in Unarmed Combat
   121 | D        | Reached XP level 4. HP: 24/48 MP: 3/3
   128 | D        | Became a worshipper of Jiyva Juivug the Shapeless
   128 | D        | Reached * piety under Jiyva
   128 | D        | Reached ** piety under Jiyva
   155 | D        | Reached *** piety under Jiyva
   171 | D        | Noticed a queen bee
   182 | D        | Gained mutation: Your mind is acute. (Int +2) [potion of
                  | mutation]
   182 | D        | Gained mutation: Your mind is very acute. (Int +4) [potion
                  | of mutation]
   182 | D        | Gained mutation: You are robust. (+10% HP) [potion of
                  | mutation]
   182 | D        | Gained mutation: You possess an exceptional clarity of
                  | mind. [potion of mutation]
   182 | D        | Slain by a killer bee

Vault maps used:
D:        dungeon_sprint_fedhas

Skill      XL: |  1  2  3 |
---------------+----------+-----
Armour         | 1 2 3 |  3.3
Unarmed Combat | 4 5 6 |  6.9
Fighting       | 3 4 |  4.3
Dodging        | 3 4 |  4.3
Stealth        | |  1.0

Action                   |  1- 3 |  4- 6 || total
-------------------------+-------+-------++-------
Melee: Unarmed           |    26 |     4 ||    30
       Punch             |     1 |       ||     1
  Use: Potion            |     2 |     1 ||     3
Armor: Robe              |     3 |     1 ||     4
Dodge: Dodged            |     9 |     6 ||    15

Table legend:
 A = Non-vault XP
 B = Vault XP
 C = Vault XP percentage of total XP
 D = Non-vault monster count
 E = Vault monster count
 F = Vault count percentage of total count
                 A         B        C        D         E       F
            +---------+---------+-------+---------+---------+-------
      Total |       0 |     189 | 100.0 |       0 |       6 | 100.0
            +---------+---------+-------+---------+---------+-------
          D |       0 |     189 | 100.0 |       0 |       6 | 100.0
            +---------+---------+-------+---------+---------+-------
